 Dungeon Crawl Stone Soup version 0.32-a0-960-g3814254bd7 (webtiles) character file.

Game seed: 4474364169619473047

108 retardedninja the Trooper (level 4, -6/37 HPs)
             Began as a Coglin Fighter on Apr 17, 2024.
             Killed by nerve-wracking pain
             ... invoked by Grinder
              (13 damage)
             ... while paralysed by Grinder
             ... on level 3 of the Dungeon.
             The game lasted 00:03:12 (1733 turns).

retardedninja the Trooper (Coglin Fighter)          Turns: 1733, Time: 00:03:13

Health: -6/37      AC: 10    Str: 18    XL:     4   Next: 87%
Magic:  4/4        EV:  2    Int:  7    God:
Gold:   182        SH:  0    Dex: 14    Spells: 3/3 levels left

rFire   . . .        a - +0 war axe {Gerda}
rCold   . . .        j - +0 hand axe {Etsuko}
rNeg    . . .        k - +0 chain mail
rPois   .            (no helmet)
rElec   .            (no cloak)
rCorr   .            f - +0 pair of gloves
SInv    .            (no boots)
Will    .....        (amulet unavailable) Stlth
                     (ring unavailable)
HPRegen 0.26/turn    (ring unavailable)
MPRegen 0.09/turn    (no gizmo)

%: no passive effects
@: paralysed, revving
A: off-hand wielding, slow wielding, warmup strikes, no jewellery
a: Invent Gizmo


You were on level 3 of the Dungeon.
You visited 1 branch of the dungeon, and saw 3 of its levels.

You collected 182 gold pieces.

Inventory:

Hand Weapons
 a - a +0 war axe (weapon) {Gerda}
 j - a +0 hand axe (offhand) {Etsuko}
Armour
 b - a +1 helmet
 f - a +0 pair of gloves (worn)
 k - a +0 chain mail (worn)
 m - a +0 cloak
Wands
 t - a wand of flame (5)
Scrolls
 e - a scroll of poison {unknown}
 i - 2 scrolls of blinking
 l - a scroll of amnesia {unknown}
 o - a scroll of noise {unknown}
 q - a scroll of fog {unknown}
 r - a scroll of vulnerability {unknown}
 s - a scroll of identify
Potions
 c - a potion of magic {unknown}
 d - a potion of might
 g - a potion of curing
 h - 2 potions of attraction
 n - a potion of heal wounds {unknown}
 p - a potion of invisibility {unknown}


   Skills:
 + Level 3.7 Fighting
 + Level 3.0 Axes
 + Level 3.3 Armour
 + Level 2.7 Shields


You had 3 spell levels left.
You didn't know any spells.
Your spell library was empty.

Dungeon Overview and Level Annotations

Branches:
Dungeon (3/15)

Altars:
Fedhas

Annotations:
D:3 Grinder


Innate Abilities, Weirdness & Mutations

You can wield a second weapon in your off-hand.
It takes a long time for you to wield or remove held weapons.
Your first few attacks do less damage.
You cannot equip rings or amulets.


Message History

Aiming: Throw Flame
Press: ? - help, Q - select action Shift-Dir - straight line, f - Grinder
Aim: Grinder (64% to hit)
The puff of flame misses Grinder.
Grinder gestures at you. Pain shoots through your body!
Aiming: Throw Flame
Press: ? - help, Q - select action Shift-Dir - straight line, f/p - Grinder
Aim: Grinder (64% to hit)
The puff of flame misses Grinder.
Unknown command.
Grinder gestures at you. Pain shoots through your body! Grinder hits you.
You slash Grinder with your +0 hand axe!
Grinder is lightly wounded.
You hit Grinder with your +0 war axe. Grinder barely misses you.
You hit Grinder but do no damage.
Grinder is moderately wounded.
You slash Grinder with your +0 war axe! Grinder hits you but does no damage.
You hit Grinder but do no damage.
Grinder is heavily wounded.
You closely miss Grinder with your +0 hand axe.
Grinder hits you.
You writhe in agony.
You hit Grinder with your +0 hand axe.
Grinder is severely wounded.
You hit Grinder with your +0 war axe. Grinder gestures at you.
You suddenly lose the ability to move!
Grinder gestures at you. Pain shoots through your body!
* * * LOW HITPOINT WARNING * * *
An orc comes into view. It is wielding a +0 mace.
The orc shouts!
Grinder gestures at you. You resist with significant effort.
Grinder gestures at you. Pain shoots through your body!
You die...
Grinder says, "Hey, I wasn't done torturing you yet!"

...... #.......##.##...#
....(...........#......#
.......#.#.#########...#
.........#.#### #>..#
.#####.........#####...#
.# ..####.###...##)...#
.#.... ..#.....#.....#
(.... ......5...##### #
##.###@.## # #...# ...
.....# ### .....###
..o.... ....... .#####.
#.


You could see Grinder and an orc.

Vanquished Creatures
  A centaur zombie (D:3)
  2 adders
  An adder skeleton (D:3)
  3 dart slugs
  A ribbon worm (D:2)
  5 bats
  4 endoplasms
  2 giant cockroaches (D:1)
  2 goblins
  8 hobgoblins
  A kobold (D:2)
  3 quokkas
  2 ball pythons
  2 frilled lizards (D:1)
  3 rats
40 creatures vanquished.

Notes
Turn   | Place    | Note
-------+----------+-------------------------------------------
     0 | D:1      | retardedninja the Coglin Fighter began the quest for the
                  | Orb.
     0 | D:1      | Reached XP level 1. HP: 18/18 MP: 1/1
   254 | D:1      | Reached XP level 2. HP: 24/24 MP: 2/2
   667 | D:1      | Found a faded altar of an unknown god.
   734 | D:1      | Reached XP level 3. HP: 29/29 MP: 3/3
  1547 | D:3      | Found a blossoming altar of Fedhas.
  1602 | D:3      | Reached XP level 4. HP: 35/35 MP: 4/4
  1718 | D:3      | Noticed Grinder
  1720 | D:3      | Paralysed by Grinder for 4 turns
  1731 | D:3      | Paralysed by Grinder for 4 turns
  1733 | D:3      | Killed from afar by Grinder

Illustrated notes

Levels and vault maps discovered:
D:1:      saegor_arrival_simple_d, layout_loops_corners,
          shapermc_ecumenical_altar_gd
D:2:      layout_loops_ring, chequers_mini_garden, kennysheep_generic_room_8
D:3:      layout_rooms, amcnicky_altar_gilded, serial_undead, serial_undead_a,
          serial_undead_b, serial_undead_b, serial_undead_f, uniq_grinder

Skill      XL: |  1  2  3  4 |
---------------+-------------+-----
Armour         | 3 |  3.3
Axes           | 3 |  3.0
Fighting       | |  3.7
Shields        | |  2.7

Action                     |  1- 3 |  4- 6 || total
---------------------------+-------+-------++-------
  Melee: War axe           |    90 |    15 ||   105
         Hand axe          |    28 |    14 ||    42
  Evoke: Wand              |       |     2 ||     2
    Use: Scroll            |     3 |       ||     3
 Armour: Scale mail        |    50 |       ||    50
         Chain mail        |    23 |    19 ||    42
  Dodge: Dodged            |    48 |     8 ||    56

Table legend: (Time is in decaauts)
 A = Elapsed time spent in this place.
 B = Non-inter-level travel time spent in this place.
 C = Inter-level travel time spent in this place.
 D = Time resting spent in this place.
 E = Time spent auto-exploring this place.
 F = Levels seen in this place.
 G = Mean time per level.
                   A        B        C        D        E       F      G
               +--------+--------+--------+--------+--------+-----+--------+
         Total |   1767 |   1676 |     91 |      0 |   1296 |   3 |  589.0 |
       Dungeon |   1767 |   1676 |     91 |      0 |   1296 |   3 |  589.0 |
               +--------+--------+--------+--------+--------+-----+--------+

Top non-repeatable levels by time:
     D:1: 930 daAuts
     D:2: 646 daAuts
     D:3: 190 daAuts
